 Dungeon Crawl Stone Soup version 0.26.0-16-gc1dbca0489 (webtiles) character file.

Game seed: 11137840536818753891

360968 Zeldest the Warrior (level 21, 0/167 (169) HPs)
             Began as a Mummy Wanderer on Jan 19, 2021.
             Was the Champion of Ru.
             Slain by a +2 bardiche of flaming (3 damage)
             ... on level 2 of the Elven Halls.
             The game lasted 02:49:01 (66770 turns).

Zeldest the Warrior (Mummy Wanderer)               Turns: 66770, Time: 02:49:01

HP:   0/167 (169)   AC: 31    Str: 26    XL:     21   Next: 14%
MP:   22/22         EV:  9    Int:  9    God:    Ru [******]
Gold: 3463          SH: 18    Dex: 11    Spells: 22/22 levels left

rFire    + . .     SeeInvis +   y - +9 rapier (elec)
rCold    + . .     Faith    .   B - +0 kite shield {rC+}
rNeg     + + +     Spirit   .   j - +8 fire dragon scales
rPois    ∞         Reflect  +   s - +0 helmet
rElec    .         Harm     .   K - +1 cloak of the Doldrums {rN++ rCorr SInv}
rCorr    +         Rampage  .   g - +2 pair of gloves
Will     ++...                  L - +2 pair of boots {Fly}
Stlth    ..........             p - amulet of reflection
HPRegen  0.37/turn              C - ring of protection from fire
MPRegen  0.18/turn              w - ring of protection from cold

@: flying, studying Necromancy, lightly drained
A: no potions, fire vulnerability, cold resistance 1, dopey 1, negative energy
resistance 3, torment resistance, unbreathing, no air magic, no hexes magic, no
translocations magic, unskilled 1, in touch with death 1, missing an eye,
temperature sensitive
}: 3/15 runes: barnacled, slimy, gossamer
a: Stop Flying, Renounce Religion, Draw Out Power, Power Leap, Apocalypse


You were on level 2 of the Elven Halls.
You worshipped Ru.
Ru was exalted by your worship.
You visited 9 branches of the dungeon, and saw 43 of its levels.
You visited the Abyss 1 time.
You also visited: Gauntlet, Ice Cave and Desolation.

You collected 4762 gold pieces.
You spent 1299 gold pieces at shops.

Inventory:

Hand Weapons
 y - a +9 rapier of electrocution (weapon)
 D - the +9 war axe of Lust {elec, rF+ Dex+7}
   (You found it on level 5 of the Pits of Slime)

   Occasionally, upon striking a foe, it can discharge electrical energy and
   cause terrible harm.
   It affects your dexterity (+7).
   It protects you from fire.
 H - a +4 war axe
Missiles
 f - 145 poisoned darts (quivered)
Armour
 g - a +2 pair of gloves (worn)
 j - +8 fire dragon scales (worn)
 s - a +0 helmet (worn)
 B - a +0 kite shield of cold resistance (worn)
 K - the +1 cloak of the Doldrums (worn) {rN++ rCorr SInv}
   (You bought it in a shop on level 2 of the Orcish Mines)

   It greatly protects you from negative energy.
   It lets you see invisible.
   It provides partial protection from all sources of acid and corrosion.
 L - a +2 pair of boots of flying (worn)
Jewellery
 n - an uncursed ring of see invisible
 p - an amulet of reflection (around neck)
 w - a ring of protection from cold (right hand)
 C - a ring of protection from fire (left hand)
 E - an uncursed ring of willpower
 F - an uncursed ring of fire
 O - the ring of the Tortoise {AC+8}
   (You found it on level 12 of the Dungeon)

   [ring of protection]

   It affects your AC (+8).
Wands
 d - a wand of acid (12)
 i - a wand of paralysis (9)
 r - a wand of polymorph (20)
 t - a wand of flame (31)
 A - a wand of random effects (78)
 I - a wand of digging (4)
 J - a wand of enslavement (21)
 R - a wand of disintegration (37)
Scrolls
 b - 2 scrolls of teleportation
 c - 3 scrolls of fog
 e - 5 scrolls of immolation
 h - 3 scrolls of magic mapping
 k - 4 scrolls of fear
 l - 16 scrolls of remove curse
 m - 10 scrolls of identify
 q - a scroll of noise
 x - 2 scrolls of enchant armour
 z - 3 scrolls of vulnerability
 G - a scroll of torment
 P - 4 scrolls of blinking
 S - a scroll of enchant weapon
Books
 v - a manual of Necromancy
Miscellaneous
 a - a phial of floods
 o - a condenser vane
 u - a phantom mirror
 M - a tin of tremorstones (2/2)
 Q - a lightning rod (4/4)
 T - a box of beasts


   Skills:
 + Level 15.6 Fighting
 - Level 14.2 Short Blades
 + Level 9.2 Axes
 - Level 1.4 Staves
 + Level 12.7 Armour
 - Level 0.8 Dodging
 + Level 12.3 Shields
 - Level 1.2 Spellcasting
 + Level 13.1 Evocations


You had 22 spell levels left.
You didn't know any spells.
Your spell library contained the following spells:

 Spells                   Type           Power        Failure   Level
 Animate Skeleton         Necr           0%           73%         1
 Freeze                   Ice            0%           73%         1
 Magic Dart               Conj           0%           73%         1
 Summon Small Mammal      Summ           0%           73%         1
 Call Imp                 Summ           0%           86%         2
 Passwall                 Tmut/Erth      0%           86%         2
 Call Canine Familiar     Summ           0%           97%         3
 Conjure Flame            Conj/Fire      0%           97%         3
 Frozen Ramparts          Ice            0%           97%         3
 Ignite Poison            Fire/Tmut/Pois 0%           97%         3
 Ozocubu's Armour         Ice            0%           97%         3
 Hailstorm                Conj/Ice       0%           100%        4
 Sticky Flame             Conj/Fire      0%           100%        4
 Summon Ice Beast         Ice/Summ       0%           100%        4
 Bolt of Magma            Conj/Fire/Erth 0%           100%        5
 Lee's Rapid Deconstruct  Erth           0%           100%        5
 Summon Demon             Summ           0%           100%        5
 Ozocubu's Refrigeration  Ice            0%           100%        6
 Shadow Creatures         Summ           N/A          100%        6
 Spellforged Servitor     Conj/Summ      0%           100%        7
 Summon Hydra             Summ           0%           100%        7
 Apportation              Tloc           Unusable     N/A         1
 Corona                   Hex            Unusable     N/A         1
 Shock                    Conj/Air       Unusable     N/A         1
 Blink                    Tloc           Unusable     N/A         2
 Ensorcelled Hibernation  Hex/Ice        Unusable     N/A         2
 Poisonous Vapours        Pois/Air       Unusable     N/A         2
 Slow                     Hex            Unusable     N/A         2
 Swiftness                Air            Unusable     N/A         2
 Confusing Touch          Hex            Unusable     N/A         3
 Dazzling Flash           Conj/Hex       Unusable     N/A         3
 Gell's Gravitas          Tloc           Unusable     N/A         3
 Inner Flame              Hex/Fire       Unusable     N/A         3
 Mephitic Cloud           Conj/Pois/Air  Unusable     N/A         3
 Portal Projectile        Hex/Tloc       Unusable     N/A         3
 Static Discharge         Conj/Air       Unusable     N/A         3
 Summon Guardian Golem    Hex/Summ       Unusable     N/A         3
 Teleport Other           Tloc           Unusable     N/A         3
 Tukima's Dance           Hex            Unusable     N/A         3
 Airstrike                Air            Unusable     N/A         4
 Cause Fear               Hex            Unusable     N/A         4
 Iskenderun's Mystic Bla  Conj/Tloc      Unusable     N/A         4
 Leda's Liquefaction      Hex/Erth       Unusable     N/A         4
 Passage of Golubria      Tloc           Unusable     N/A         4
 Summon Lightning Spire   Summ/Air       Unusable     N/A         4
 Lightning Bolt           Conj/Air       Unusable     N/A         5
 Summon Forest            Summ/Tloc      Unusable     N/A         5
 Summon Mana Viper        Hex/Summ       Unusable     N/A         5
 Dispersal                Tloc           Unusable     N/A         6
 Freezing Cloud           Conj/Ice/Air   Unusable     N/A         6
 Invisibility             Hex            Unusable     N/A         6
 Disjunction              Tloc           Unusable     N/A         8

Dungeon Overview and Level Annotations

Branches:
Dungeon (15/15)            Temple (1/1) D:5            Lair (6/6) D:10
 Shoals (4/4) Lair:3       Spider (4/4) Lair:3        Slime (5/5) Lair:5
    Orc (2/2) D:12            Elf (1/3) Orc:2        Vaults (4/5) D:13
  Crypt (0/3) Vaults:2     Depths (0/5) D:15          IceCv (visited)
Desolation (visited)      Gauntlet (visited)

Altars:
Ashenzari
Cheibriados
Dithmenos
Elyvilon
Fedhas
Gozag
Hepliaklqana
Kikubaaqudgha
Makhleb
Nemelex Xobeh
Okawaru
Qazlal
Ru
Sif Muna
Trog
Uskayaw
Vehumet
Wu Jian
Xom
Yredelemnul
Zin
The Shining One
Beogh
Jiyva

Shops:
D:14 ?   Orc:1 *   Orc:2 ?[=:   Shoals:2 =   Vaults:1 ?   Vaults:2 (

Portals:
Trove: D:10 (give 5 scrolls of fear)

Annotations:
D:2 1 runed translucent door, Crazy Yiuf
D:3 1 runed translucent door, Sylvie's ghost, amateur GrBe
D:4 Grinder
D:13 2 transporters, Rupert
Lair:2 exclusion: 2 oklob plants
Lair:3 1 runed translucent door, Deed's ghost, journeyman MiFi
Shoals:1 Roxanne
Vaults:2 exclusion: obsidian statue


Innate Abilities, Weirdness & Mutations

You do not drink.
Your flesh is vulnerable to fire.
You are immune to poison.
Your flesh is cold resistant. (rC+)
You are dopey. (Int -2)
You are immune to negative energy. (rN+++)
You are immune to unholy pain and torment.
You can survive without breathing.
You cannot study or cast Air magic.
You cannot study or cast Hexes magic.
You cannot study or cast Translocations magic.
You are somewhat unskilled. (-1 Apt)
You are in touch with the powers of death.
You are missing an eye, making it more difficult to aim.
You are sensitive to extremes of temperature. (rF-, rC-)


Message History

The +2 bardiche of flaming is almost destroyed.
You block the +2 battleaxe of electrocution's attack.
You completely miss the +2 bardiche of flaming.
The +2 bardiche of flaming is almost destroyed.
You hit the +2 bardiche of flaming but do no damage.
The +2 bardiche of flaming is almost destroyed.
You block the +2 bardiche of flaming's attack.
You hit the +2 bardiche of flaming but do no damage.
The +2 bardiche of flaming is almost destroyed.
The +2 battleaxe of electrocution hits you but does no damage.
You are electrocuted!
* * * LOW HITPOINT WARNING * * *
You hit the +2 bardiche of flaming but do no damage.
The +2 bardiche of flaming is almost destroyed.
You hit the +2 bardiche of flaming but do no damage.
The +2 bardiche of flaming is almost destroyed.
The +2 bardiche of flaming hits you!!
* * * LOW HITPOINT WARNING * * *
The +2 bardiche of flaming burns you.
You die...

##...# .....
##...........
##............
#.............
#............
#...........
##...........
##............
#....(@(......
##...)........
##...........
##...#.......
##..)###......
#...## #.....
##...###......
##...#.......
##..........


You could see 2 dancing weapons.

Vanquished Creatures
  the Royal Jelly (Slime:5)
  A deep elf blademaster (Elf:2)
  14 acid blobs
  A kraken (Shoals:3)
  3 sphinxes (Vaults:3)
  A tentacled starspawn (Abyss:3)
  A tengu reaver (Vaults:3)
  Ilsuiw (Shoals:4)
  4 azure jellies
  2 fire giants (Vaults:3)
  The ghost of Jeffwins the Severer, a journeyman OgMo of Okawaru (Orc:1)
  7 vault wardens
  5 ghost moths
  4 imperial myrmidons (Desolation)
  3 emperor scorpions
  Aizul (Spider:3)
  Louise (D:14)
  4 stone giants
  8 ironheart preservers
  A war gargoyle (Vaults:4)
  3 very ugly things (D:13)
  A vampire knight (Vaults:2)
  Azrael (D:13)
  Nessos (D:13)
  An entropy weaver (Spider:2)
  3 spark wasps
  A minotaur (Gauntlet)
  2 halazid warlocks (Desolation)
  2 ettins (Vaults:4)
  2 crystal guardians (Desolation)
  A deep elf death mage (Elf:1)
  3 merfolk javelineers
  An eidolon (Vaults:2)
  3 fire dragons
  6 yaktaur captains
  8 death oozes
  7 merfolk impalers
  7 ragged hierophants
  6 hydras
  Harold (Orc:1)
  4 vault guards
  2 ice dragons
  4 catoblepae
  8 servants of whispers (Desolation)
  8 great orbs of eyes
  4 merfolk avatars
  11 boulder beetles
  6 peacekeepers (Desolation)
  4 merfolk aquamancers
  7 centaur warriors
  2 death knights
  A deep troll earth mage (Vaults:1)
  2 alligator snapping turtles
  7 ogre magi
  17 two-headed ogres
  12 dancing weapons
  7 death yaks
  A vampire mage (Abyss:3)
  10 deep elf knights
  2 soul eaters
  A sixfirhy (Abyss:3)
  2 wretched stars (Abyss:3)
  2 shadow wraiths
  A skeletal warrior (Vaults:1)
  A hell knight (Abyss:3)
  An anaconda zombie (Abyss:3)
  5 deep trolls
  4 deep elf archers
  2 glowing orange brains
  A flayed ghost (Vaults:4)
  3 large abominations
  8 sea snakes
  8 wizards
  2 unseen horrors
  17 ironbrand convokers
  2 necromancers
  16 harpies
  9 orc knights
  30 wolf spiders
  3 orc sorcerers
  19 orb spiders
  7 cyclopes
  34 deep elf magi
  A shining eye (shapeshifter) (D:14)
  47 ugly things
  16 manticores
  3 shining eyes
  A stone giant zombie (Vaults:1)
  6 fauns (Shoals:1)
  5 elephants
  2 moths of wrath
  3 centaur zombies
  A smoke demon (Abyss:3)
  A guardian serpent (shapeshifter) (Vaults:1)
  2 eyes of devastation
  3 molten gargoyles (Desolation)
  5 black mambas
  A gargoyle (D:13)
  3 guardian serpents (Desolation)
  13 vault sentinels
  A cane toad (shapeshifter) (Vaults:3)
  7 water nymphs
  6 cane toads
  An ice statue (Gauntlet)
  9 merfolk sirens
  2 torpor snails (Lair:5)
  A rime drake (shapeshifter) (Vaults:2)
  40 yaktaurs
  A kobold demonologist (Elf:1)
  4 komodo dragons
  6 demonic crawlers
  5 freezing wraiths
  3 rime drakes
  An ancient zyme (Abyss:3)
  35 jumping spiders
  5 wind drakes
  3 tengu simulacra
  A meliai (shapeshifter) (Vaults:4)
  13 trolls
  28 merfolk
  15 hornets
  5 polar bears (IceCv)
  A blink frog (Lair:2)
  63 saltlings
  A harpy skeleton (D:13)
  A raiju (Abyss:3)
  8 snapping turtles
  48 slime creatures
  9 dream sheep
  A tarantella (shapeshifter) (Vaults:1)
  52 redbacks
  3 shadows
  18 water elementals
  Sigmund (D:4)
  21 tarantellas
  8 golden eyes
  A basilisk (shapeshifter) (Vaults:2)
  2 wyverns
  41 yaks
  3 wraiths
  Eustachio (D:5)
  6 basilisks
  A chaos spawn (Abyss:3)
  A fire bat (Abyss:3)
  2 fire elementals (D:13)
  A neqoxec (Abyss:3)
  A soldier ant (D:10)
  12 wargs
  An acid dragon (Vaults:1)
  9 water moccasins
  43 orc warriors
  4 hell hounds (D:13)
  2 ice beasts (D:14)
  A phantom (D:5)
  A hornet zombie (D:15)
  3 eyes of draining
  4 boggarts
  2 human zombies
  23 ogres
  2 necrophages
  18 wolves
  17 centaurs
  3 small abominations (Abyss:3)
  5 human skeletons
  Blork the orc (D:4)
  20 bullfrogs
  4 scorpions
  4 killer bees (D:10)
  A human simulacrum (Vaults:1)
  5 wights (D:8)
  4 electric eels
  A crimson imp (Abyss:3)
  4 howler monkeys
  2 bullfrog zombies
  9 hounds
  2 bullfrog skeletons
  4 centaur skeletons
  10 orc priests
  3 jellies
  Ijyb (D:5)
  Natasha (thrice) (D:3)
  3 hell rats (Lair:5)
  5 iguanas
  15 orc wizards
  14 worker ants
  2 hound skeletons
  12 gnolls
  7 adders
  4 shadow imps
  2 white imps
  2 ufetubi
  2 adder skeletons (D:4)
  An adder zombie (D:7)
  2 worms
  A dart slug (D:3)
  5 leopard geckos
  94 orcs
  A ball python (D:2)
  10 giant cockroaches
  3 goblins
  9 hobgoblins
  19 jackals
  8 kobolds
  3 quokkas
  8 bats
  5 frilled lizards
  A leopard gecko skeleton (D:5)
  A quokka zombie (D:6)
  9 rats
  A tentacle (Shoals:3)
1498 creatures vanquished.

Vanquished Creatures (others)
  An acid blob (Slime:5)
  A frost giant (Vaults:4)
  A vault warden (Vaults:3)
  A fire dragon (Vaults:3)
  A peacekeeper (Desolation)
  A catoblepas (Lair:6)
  A centaur warrior (D:14)
  A tengu warrior (D:11)
  2 two-headed ogres
  A merfolk aquamancer (Shoals:2)
  2 sea snakes
  A harpy (Shoals:4)
  An orc knight (Orc:2)
  An orb spider (Spider:1)
  2 wolf spiders
  A faun (Shoals:1)
  A large abomination (Abyss:3)
  A gargoyle (D:11)
  A cane toad (Lair:5)
  3 yaktaurs
  A komodo dragon (Lair:6)
  A tengu conjurer (D:11)
  A merfolk (Shoals:4)
  2 saltlings (Desolation)
  A dream sheep (Lair:5)
  4 redbacks
  A yak (Lair:6)
  An orc warrior (Vaults:1)
  2 centaurs
  A bullfrog (Lair:5)
  A bullfrog zombie (D:13)
  An orc wizard (Orc:2)
  An orc priest (Vaults:1)
  A gnoll shaman (Orc:2)
  A hell rat (Lair:5)
  A worker ant (D:11)
  4 orcs
  20 fungi
  82 plants
  21 tentacles (Shoals:3)
173 creatures vanquished.

Grand Total: 1671 creatures vanquished

Notes
Turn   | Place    | Note
-------+----------+-------------------------------------------
     0 | D:1      | Zeldest the Mummy Wanderer began the quest for the Orb.
     0 | D:1      | Zeldest set off with the following items: a +2
                  | quarterstaff, a scroll of teleportation, a +0 robe; and the
                  | following spell memorised: Apportation; and the following
                  | spells available to memorise: Teleport Other
     0 | D:1      | Reached XP level 1. HP: 16/16 MP: 2/2
    13 | D:1      | Noticed an electric eel
   316 | D:1      | Reached XP level 2. HP: 9/22 MP: 4/4
   317 | D:1      | Reached skill level 1 in Axes
   953 | D:1      | Reached XP level 3. HP: 17/28 MP: 5/5
  1709 | D:2      | Found a runed translucent door.
  1710 | D:2      | Noticed Crazy Yiuf
  2413 | D:2      | Reached XP level 4. HP: 33/34 MP: 6/6
  2445 | D:3      | Noticed Natasha
  2455 | D:3      | Killed Natasha
  2456 | D:3      | Reached skill level 3 in Fighting
  2746 | D:3      | Noticed Natasha
  2760 | D:3      | Killed Natasha
  2862 | D:3      | Reached XP level 5. HP: 41/41 MP: 7/7
  2974 | D:3      | Noticed Natasha
  2995 | D:3      | Killed Natasha
  2996 | D:3      | Reached skill level 1 in Shields
  3326 | D:3      | Found a runed translucent door.
  3326 | D:3      | Noticed Sylvie's ghost (amateur GrBe)
  3775 | D:4      | Noticed Sigmund
  3806 | D:4      | Killed Sigmund
  3807 | D:4      | Reached XP level 6. HP: 30/48 MP: 8/8
  4006 | D:4      | Reached skill level 4 in Fighting
  4129 | D:4      | Noticed Blork the orc
  4144 | D:4      | Killed Blork the orc
  4512 | D:4      | Reached XP level 7. HP: 49/54 MP: 9/9
  4889 | D:5      | Entered Level 5 of the Dungeon
  4921 | D:5      | Got a shimmering ring mail
  4931 | D:5      | Identified the +2 ring mail "Jaikhe" {+Inv rN+} (You found
                  | it on level 5 of the Dungeon)
  4940 | D:5      | Noticed Grinder
  4941 | D:5      | Noticed Grinder
  4941 | D:5      | Grinder changed into Grinder the rust devil
  4987 | D:5      | Noticed Ijyb
  5000 | D:5      | Killed Ijyb
  5127 | D:5      | Noticed Eustachio
  5144 | D:5      | Killed Eustachio
  5145 | D:5      | Reached skill level 5 in Axes
  5590 | D:5      | Found a staircase to the Ecumenical Temple.
  5701 | Temple   | Entered the Ecumenical Temple
  5881 | Temple   | Became a worshipper of Ru the Awakened
  6029 | D:6      | Reached XP level 8. HP: 59/61 MP: 10/10
  6110 | D:6      | Reached skill level 5 in Fighting
  6363 | D:5      | Reached skill level 1 in Short Blades
  6993 | D:7      | Gained mutation: You cannot study or cast Air magic. [Ru
                  | sacrifice]
  6993 | D:7      | Gained mutation: You cannot study or cast Hexes magic. [Ru
                  | sacrifice]
  6993 | D:7      | Gained mutation: You cannot study or cast Translocations
                  | magic. [Ru sacrifice]
  6993 | D:7      | Reached * piety under Ru
  7351 | D:7      | Reached XP level 9. HP: 69/69 MP: 11/11
  7583 | D:7      | Reached skill level 6 in Fighting
  8378 | D:8      | Reached skill level 1 in Armour
  8706 | D:8      | Found a broken altar of Ashenzari.
  9173 | D:9      | Noticed Erolcha
 10115 | D:9      | Noticed Erolcha
 10115 | D:9      | Erolcha changed into Erolcha the hornet
 10122 | D:9      | Killed Erolcha the hornet
 10159 | D:9      | Reached skill level 5 in Short Blades
 10332 | D:9      | Gained mutation: You are missing an eye, making it more
                  | difficult to aim. [Ru sacrifice]
 10332 | D:9      | Reached ** piety under Ru
 10538 | D:10     | Entered Level 10 of the Dungeon
 10552 | D:10     | Reached skill level 7 in Fighting
 10693 | D:9      | Reached XP level 10. HP: 61/79 MP: 12/12
 10863 | D:10     | Noticed a two-headed ogre
 10877 | D:10     | Killed a two-headed ogre
 10886 | D:10     | Reached skill level 5 in Evocations
 10951 | D:10     | Found a staircase to the Lair.
 11713 | D:10     | Found a portal to a secret trove of treasure.
 11769 | Lair:1   | Entered Level 1 of the Lair of Beasts
 11783 | Lair:1   | Noticed a black mamba
 11800 | Lair:1   | Killed a black mamba
 12176 | Lair:1   | Noticed a seven-headed hydra
 12193 | Lair:1   | Reached skill level 8 in Fighting
 12195 | Lair:1   | Killed a seven-headed hydra
 12204 | Lair:1   | Noticed a four-headed hydra
 12214 | Lair:1   | Killed a four-headed hydra
 12215 | Lair:1   | Reached XP level 11. HP: 13/86 MP: 13/13
 13248 | Lair:2   | Found a sacrificial altar of Ru.
 13497 | Lair:2   | Found a frozen archway.
 13506 | IceCv    | Entered an ice cave
 14595 | Lair:2   | Reached skill level 5 in Armour
 14671 | Lair:2   | Noticed a four-headed hydra
 14843 | Lair:2   | Gained mutation: You are sensitive to extremes of
                  | temperature. (rF-, rC-) [Ru sacrifice]
 14843 | Lair:2   | Reached *** piety under Ru
 14843 | Lair:2   | Reached **** piety under Ru
 15145 | Lair:2   | Noticed an oklob plant
 15145 | Lair:2   | Noticed a six-headed hydra
 15145 | Lair:2   | Noticed an oklob plant
 15689 | Lair:2   | Killed a six-headed hydra
 15690 | Lair:2   | Reached skill level 9 in Fighting
 16423 | Lair:2   | Killed a four-headed hydra
 16690 | Lair:3   | Found a runed translucent door.
 17190 | Lair:3   | Found a hole to the Spider Nest.
 17219 | Lair:3   | Noticed Deed's ghost (journeyman MiFi)
 17242 | Lair:3   | Found a staircase to the Shoals.
 17294 | Lair:3   | Reached XP level 12. HP: 90/95 MP: 14/14
 17794 | Lair:4   | Noticed a boulder beetle
 17813 | Lair:4   | Killed a boulder beetle
 18112 | Lair:4   | Gained mutation: You are somewhat unskilled. (-1 Apt) [Ru
                  | sacrifice]
 18112 | Lair:4   | Reduced skill Fighting to level 8
 18112 | Lair:4   | Reached ***** piety under Ru
 18378 | Lair:4   | Found a dark tunnel.
 18628 | Lair:5   | Found a runed translucent door.
 18644 | Lair:5   | Found a viscous altar of Jiyva.
 18646 | Lair:5   | Found a staircase to the Slime Pits.
 18646 | Lair:5   | Noticed an azure jelly
 18813 | Lair:5   | Noticed a boulder beetle
 18839 | Lair:5   | Killed a boulder beetle
 19175 | Lair:5   | Noticed a catoblepas
 19196 | Lair:5   | Noticed a death yak
 19224 | Lair:5   | Killed a catoblepas
 19513 | Lair:5   | Reached skill level 9 in Fighting
 19812 | Lair:5   | Killed a death yak
 20139 | Lair:5   | Identified a scroll of acquirement
 20988 | D:11     | Noticed a tengu warrior
 21007 | D:11     | Killed a tengu warrior
 21560 | D:12     | Gained mutation: You are dopey. (Int -2) [Ru sacrifice]
 21560 | D:12     | Reached ****** piety under Ru
 21915 | D:12     | Noticed a five-headed hydra
 21927 | D:12     | Killed a five-headed hydra
 22146 | D:12     | Found a roughly hewn altar of Beogh.
 22149 | D:12     | Found a staircase to the Orcish Mines.
 22153 | D:12     | Noticed a death knight
 22202 | D:11     | Reached skill level 5 in Shields
 22321 | Orc:1    | Entered Level 1 of the Orcish Mines
 22321 | Orc:1    | Noticed a stone giant
 22329 | Orc:1    | Killed a stone giant
 22330 | Orc:1    | Gained mutation: You are in touch with the powers of death.
                  | [Mummy growth]
 22330 | Orc:1    | Reached XP level 13. HP: 87/98 MP: 14/14
 22372 | Orc:1    | Found a transporter.
 22377 | Orc:1    | Noticed Jeffwins's ghost (journeyman OgMo)
 22392 | Orc:1    | Found a transporter.
 22420 | Orc:1    | Found Optu's General Store.
 22433 | Orc:1    | Noticed Harold
 22438 | Orc:1    | Found a bloodstained altar of Trog.
 22457 | Orc:1    | Killed Harold
 22582 | Orc:1    | Bought a scroll of teleportation for 30 gold pieces
 23020 | Orc:1    | Killed Jeffwins's ghost
 23047 | Orc:1    | Got a fading cloak
 23057 | Orc:1    | Identified the +0 cloak of the Valley {*Slow rC+ Dex+7}
                  | (You found it on level 1 of the Orcish Mines)
 23099 | Orc:2    | Entered Level 2 of the Orcish Mines
 23099 | Orc:2    | Found a staircase to the Elven Halls.
 23497 | Orc:2    | Reached skill level 10 in Short Blades
 25056 | Orc:2    | Found Ufry's Jewellery Shoppe.
 25056 | Orc:2    | Found Cyekil's Armour Shop.
 25056 | Orc:2    | Found Guzigemu's Magic Scroll Boutique.
 25072 | Orc:2    | Found Goimaveorph's Book Emporium.
 25082 | Orc:2    | Bought 3 scrolls of teleportation for 90 gold pieces
 25082 | Orc:2    | Bought 2 scrolls of enchant armour for 150 gold pieces
 25082 | Orc:2    | Acquired an uncursed ring of protection from fire
 25243 | Orc:2    | Found a roughly hewn altar of Beogh.
 25790 | D:12     | Found the ring of the Tortoise {AC+8}
 25898 | D:12     | Reached skill level 10 in Fighting
 26304 | Lair:6   | Entered Level 6 of the Lair of Beasts
 26926 | Lair:6   | Found a blossoming altar of Fedhas.
 27784 | Lair:6   | Reached XP level 14. HP: 98/110 MP: 15/15
 29446 | Lair:6   | Identified the +2 battleaxe "Feuqad" {drain, Int+2 SInv}
                  | (You found it on level 6 of the Lair of Beasts)
 29668 | D:13     | Noticed Azrael
 29671 | D:13     | Killed Azrael
 29786 | D:13     | Found a gate leading to a gauntlet.
 29812 | Gauntlet | Entered a Gauntlet
 29812 | Gauntlet | Found a transporter.
 29812 | Gauntlet | Found a transporter.
 29995 | Gauntlet | Found a transporter.
 29999 | Gauntlet | Found a transporter.
 30005 | Gauntlet | Found a runed translucent gate.
 30007 | Gauntlet | Found a transporter.
 30008 | Gauntlet | Found a runed translucent gate.
 30008 | Gauntlet | Found a runed translucent gate.
 30011 | Gauntlet | Found a transporter.
 30019 | Gauntlet | Found a transporter.
 30039 | Gauntlet | Found a transporter.
 30057 | Gauntlet | Found a transporter.
 30061 | Gauntlet | Found a transporter.
 30063 | Gauntlet | Found a runed translucent door.
 30065 | Gauntlet | Found a runed translucent door.
 30069 | Gauntlet | Found a transporter.
 30073 | Gauntlet | Found a transporter.
 30428 | Gauntlet | Got a warped lead ring
 30432 | Gauntlet | Identified the ring "Dadupam" {Ice rN+ Will+ Str+3 Int-4}
                  | (You found it in a Gauntlet)
 30789 | D:13     | Found a transporter.
 30790 | D:13     | Noticed Rupert
 30821 | D:13     | Found a gate to the Vaults.
 30821 | D:13     | Noticed Nessos
 30824 | D:13     | Killed Nessos
 30905 | D:13     | Noticed an azure jelly
 30910 | D:13     | Found a viscous altar of Jiyva.
 30933 | D:13     | Found a transporter.
 31769 | D:14     | Noticed Louise
 31772 | D:14     | Killed Louise
 32037 | D:14     | Reached skill level 11 in Fighting
 32145 | D:14     | Found Neshecw's Magic Scroll Shoppe.
 32151 | D:14     | Bought a scroll of blinking for 120 gold pieces
 32151 | D:14     | Bought a scroll of teleportation for 48 gold pieces
 32151 | D:14     | Bought a scroll of enchant weapon for 120 gold pieces
 32629 | D:15     | Entered Level 15 of the Dungeon
 32693 | D:15     | Reached XP level 15. HP: 78/118 MP: 16/16
 33748 | D:15     | Found a staircase to the Depths.
 34208 | D:15     | Cast into level 3 of the Abyss (a wizard)
 34310 | Abyss:3  | Noticed a bone dragon
 34364 | Abyss:3  | Paralysed by a great orb of eyes for 2 turns
 35024 | Abyss:3  | Found a corrupted altar of Lugonu.
 35030 | Abyss:3  | Found a corrupted altar of Lugonu.
 35134 | Abyss:3  | Noticed a tentacled starspawn
 35145 | Abyss:3  | Killed a tentacled starspawn
 35215 | D:15     | Escaped the Abyss
 36049 | Spider:1 | Entered Level 1 of the Spider Nest
 36050 | Spider:1 | Killed a ghost moth
 36346 | Lair:3   | Noticed a ghost moth
 36358 | Lair:3   | Killed a ghost moth
 37152 | Spider:2 | Reached XP level 16. HP: 114/120 MP: 17/17
 38038 | Spider:3 | Reached skill level 12 in Fighting
 38564 | Spider:3 | Noticed Aizul
 38592 | Spider:3 | Killed Aizul
 39007 | Spider:4 | Entered Level 4 of the Spider Nest
 39898 | Spider:4 | Reached skill level 10 in Evocations
 40868 | Spider:4 | Got a gossamer rune of Zot
 41019 | Shoals:1 | Entered Level 1 of the Shoals
 41653 | Shoals:2 | Found Wirofu's Jewellery Emporium.
 41664 | Shoals:2 | Reached XP level 17. HP: 135/135 MP: 18/18
 41744 | Shoals:2 | Bought an uncursed ring of see invisible for 150 gold
                  | pieces
 42470 | Shoals:3 | Found a glowing silver altar of Zin.
 42475 | Shoals:3 | Noticed a kraken
 42558 | Shoals:3 | Killed a kraken
 43142 | Shoals:4 | Entered Level 4 of the Shoals
 43142 | Shoals:4 | Found a radiant altar of Vehumet.
 43419 | Shoals:4 | Noticed Ilsuiw
 43440 | Shoals:4 | Killed Ilsuiw
 43632 | Shoals:4 | Reached skill level 10 in Armour
 44032 | Shoals:4 | Got a barnacled rune of Zot
 44699 | Shoals:4 | Identified the Disquisition on the Ensnaring Voyage
 45448 | Shoals:1 | Reached skill level 13 in Fighting
 45553 | Shoals:1 | Identified Roxanne's Disquisition on Stones
 45553 | Shoals:1 | Noticed Roxanne
 45828 | Orc:2    | Bought the +1 cloak of the Doldrums {rN++ rCorr SInv} for
                  | 515 gold pieces
 46202 | Slime:1  | Entered Level 1 of the Pits of Slime
 46579 | Slime:3  | Noticed an acid blob
 46593 | Slime:2  | Killed an acid blob
 46663 | Slime:4  | Noticed an acid blob
 46711 | Slime:3  | Killed an acid blob
 46910 | Slime:5  | Entered Level 5 of the Pits of Slime
 46919 | Slime:5  | Noticed an acid blob
 46957 | Slime:5  | Noticed an acid blob
 46968 | Slime:4  | Killed an acid blob
 47194 | Slime:5  | Noticed an acid blob
 47195 | Slime:5  | Noticed the Royal Jelly
 47198 | Slime:5  | Noticed an acid blob
 47198 | Slime:5  | Noticed an acid blob
 47198 | Slime:5  | Noticed an acid blob
 47200 | Slime:5  | Killed an acid blob
 47200 | Slime:5  | Killed an acid blob
 47200 | Slime:5  | Killed an acid blob
 47200 | Slime:5  | Killed an acid blob
 47200 | Slime:5  | Killed an acid blob
 47200 | Slime:5  | Killed an acid blob
 47200 | Slime:5  | Killed the Royal Jelly
 47201 | Slime:5  | Reached skill level 10 in Shields
 47201 | Slime:5  | Reached XP level 18. HP: 124/144 MP: 10/19
 48651 | Slime:5  | Got a slimy rune of Zot
 48722 | Slime:5  | Identified the Guide on the Congealing Blaze
 48725 | Slime:5  | Got a clouded marble ring
 48727 | Slime:5  | Identified the ring of Tyvuh {MP+9 Stlth+} (You found it on
                  | level 5 of the Pits of Slime)
 48756 | Slime:5  | Identified the +10 war axe of Twilight {protect, rC+} (You
                  | found it on level 5 of the Pits of Slime)
 48765 | Slime:5  | Identified the +9 war axe of Lust {elec, rF+ Dex+7} (You
                  | found it on level 5 of the Pits of Slime)
 48962 | Vaults:1 | Entered Level 1 of the Vaults
 49256 | Vaults:1 | Found a ruined gateway.
 49260 | Desolati | Entered the Desolation of Salt
 49553 | Desolati | Got a brightly glowing silver ring
 49555 | Desolati | Identified the ring of Monotheism {+Fly MP+9 Int+5} (You
                  | found it in the Desolation of Salt)
 49620 | Desolati | Got a heavily runed copper ring
 49622 | Desolati | Got a coiled sapphire amulet
 49624 | Desolati | Identified the ring "Synufack" {Str+4 Int+3 Dex+6} (You
                  | found it in the Desolation of Salt)
 49626 | Desolati | Identified the amulet of Searham {Inacc Dex+5} (You found
                  | it in the Desolation of Salt)
 49631 | Desolati | Identified Dyxichid's Almanac of the Escort and the
                  | Volcanoes
 49990 | Desolati | Identified the +2 leather armour of Lodenk {rC++ Will+++
                  | Str-5}
 51285 | Desolati | Identified the +4 hand axe of Otraroum {protect, rF+
                  | Stlth+}
 51460 | Desolati | Reached skill level 14 in Fighting
 51939 | Desolati | Reached XP level 19. HP: 104/135 MP: 11/20
 52271 | Desolati | Identified the Disquisition on Displacement and Heat
 52458 | Desolati | Identified the +2 long sword "Houmil" {distort, Int+3} (You
                  | found it in the Desolation of Salt)
 54341 | Vaults:1 | Found Nustroosi's Magic Scroll Shop.
 54621 | Vaults:1 | Bought a scroll of fear for 38 gold pieces
 54621 | Vaults:1 | Bought a scroll of fear for 38 gold pieces
 55737 | Vaults:2 | Found Hitaoc's Weapon Shop.
 57879 | Vaults:2 | Found a staircase to the Crypt.
 59213 | Vaults:3 | Reached XP level 20. HP: 110/160 MP: 21/21
 59797 | Vaults:3 | You are sucked into a shaft and drop 1 floor!
 60362 | Vaults:3 | Reached skill level 15 in Fighting
 65439 | Elf:1    | Entered Level 1 of the Elven Halls
 66099 | Elf:1    | Reached XP level 21. HP: 169/169 MP: 22/22
 66166 | Elf:1    | You are sucked into a shaft and drop 1 floor!
 66770 | Elf:2    | HP: 3/167 [+2 bardiche of flaming (31)]
 66770 | Elf:2    | Slain by a +2 bardiche of flaming

Illustrated notes

Levels and vault maps discovered:
D:1:      arrival_aquarium_a, layout_basic
D:2:      layout_rooms, roderic_lattice_a, kennysheep_generic_room_12,
          uniq_crazy_yiuf_cottage
D:3:      layout_loops_ring, gammafunk_ghost_grave, hex_tiny,
          minmay_misc_feat_pillars, uniq_natasha
D:4:      layout_loops_ring, nzn_random_ring, uniq_sigmund, uniq_blork_the_orc
D:5:      layout_gridville, minmay_temple_entry_fiery, minmay_misc_feat_encased,
          due_unseen_surprise, uniq_grinder, uniq_eustachio, uniq_ijyb
D:6:      layout_basic
D:7:      layout_gridville, serial_bayou, serial_bayou_crossing,
          serial_bayou_shore_a, serial_bayou_shore_b, serial_bayou_lagoon_a
D:8:      layout_loops_ring, lemuel_crystal_altar
D:9:      layout_loops_ring, uniq_erolcha
D:10:     layout_rooms, lair_entry_dummy, nicolae_trove_entry_crystal
D:11:     layout_layer_cave
D:12:     layout_layer_cave, david_orc_5
D:13:     gammafunk_jiyva_shrine, layout_basic, david_vaults_1,
          gauntlet_entry_generic, uniq_azrael, uniq_nessos, uniq_rupert
D:14:     layout_basic, serial_shops, nicolae_shop_statue_plus, uniq_louise
D:15:     grunt_enter_depths_hoard, layout_layer_cave, serial_park_paths
          [serial_park_minivault_5x5_8], serial_bayou, serial_bayou_lake_a,
          serial_bayou_pond_d, serial_bayou_pond_a, serial_bayou_ford_a
Temple:   minmay_crystal_snake_temple
Lair:1:   layout_loops_ring, chequers_serial_rivers_marsh, serial_bayou_shore_b
Lair:2:   layout_small_grid, portal_ice_cave_entry_pillars_1, basic_altar,
          minmay_lair_oklob_chamber
Lair:3:   layout_regular_city, elwin_shoals_entry_rocks, spider_nest_entry_a,
          hellmonk_ghost_happy_afterlife, chequers_serial_rivers_small_3
Lair:4:   layout_long_grid, enter_volcano_2, columned_hall_lemuel,
          serial_bayou_pond_e, grunt_megastairs_2
Lair:5:   layout_hall_layers, slime_altar_2
Lair:6:   evilmike_catoblepas_cave, layout_cave_shapes, basic_altar
Shoals:1: layout_shoals, uniq_roxanne
Shoals:2: layout_shoals, serial_shops, nicolae_shop_waterfront
Shoals:3: layout_shoals, wheals_shoals_ruined_temple
Shoals:4: shoals_end_hangedman, layout_shoals, shoals_ilsuiw_ice,
          lemuel_altar_in_water2
Spider:1: layout_spider_delve
Spider:2: layout_spider_delve, guppyfry_hornet_nest
Spider:3: layout_spider_delve, hive_lemuel, uniq_aizul
Spider:4: spider_rune_water
Slime:1:  layout_caves
Slime:2:  layout_caves
Slime:3:  layout_caves
Slime:4:  layout_caves
Slime:5
Orc:1:    layout_caves, serial_shops, shop, gammafunk_ghost_berserking_beasts,
          trog_butcher_becter, uniq_harold
Orc:2:    st_orc_rangers, layout_caves, basic_altar
Elf:1:    minmay_elf_arrival_summoners, layout_loops_cross, serial_shops, shop,
          hangedman_elf_disciples
Elf:2:    layout_rooms, serial_shops,
          nicolae_shop_temple_entry_statues_fountains, onia_ninara_cookie
Vaults:1: nicolae_vaults_yaktaur_gun_rack, vaults_dpeg_cross,
          vaults_standard_mumra_enter_the_diamond, nicolae_vaults_asterisk,
          nicolae_vaults_network_star, v_misc_31, vaults_room_pools,
          layout_vaults_big_room, serial_shops, shop,
          portal_desolation_entry_nicolae_nacl
Vaults:2: nicolae_vaults_network_s, hangedman_vaults_trim,
          nicolae_vaults_alarming, hangedman_vaults_slither,
          nicolae_vaults_statue_guard, nicolae_vaults_little_squares_6,
          minmay_crypt_entry_simple_walls, ontoclasm_vaults_ring_large,
          grunt_vaults_hallway_short, layout_vaults_omnigrid, serial_shops,
          nicolae_shop_statue_plus
Vaults:3: nicolae_vaults_halls_meeting, vaults_room_semicircle, v_misc_25,
          hangedman_vaults_nodes, nicolae_vaults_network_barrier,
          nicolae_vaults_angled_halls, nicolae_vaults_inception_scallops,
          vaults_mumra_hexcomb, v_alt_pattern_4, ontoclasm_vaults_hangar,
          ontoclasm_vaults_chip, layout_vaults_omnibox
Vaults:4: v_misc_8, nicolae_vaults_hallways_thing, nicolae_vaults_puzzle_piece,
          hangedman_vaults_pinch, v_rooms_6, v_pattern_2, v_misc_32,
          serial_ice_g, ontoclasm_vaults_loading_screen,
          ontoclasm_vaults_shuriken, vaults_mumra_hex, vaults_room_pools,
          nicolae_vaults_gold_heap, vaults_dpeg_hooks, layout_vaults_omnicross

Skill      XL: |  1  2  3  4  5  6  7  8  9 10 11 12 13 14 15 16 17 18 19 20 |
---------------+-------------------------------------------------------------+-----
Axes           | 1 2 4 5 6 7 9 |  9.2
Fighting       | 3 4 5 7 8 9 9 10 11 12 13 14 15 | 15.6
Shields        | 2 3 4 5 6 7 8 10 11 12 | 12.3
Evocations     | 2 3 4 5 6 7 8 9 10 11 12 13 | 13.1
Short Blades   | 2 5 7 8 9 10 11 12 13 14 | 14.2
Translocations | 0 |  0.0
Armour         | 2 4 5 6 7 8 9 10 11 12 | 12.7
Dodging        | 0 |  0.8
Staves         | |  1.4
Spellcasting   | |  1.2

Action                   |  1- 3 |  4- 6 |  7- 9 | 10-12 | 13-15 | 16-18 | 19-21 || total
-------------------------+-------+-------+-------+-------+-------+-------+-------++-------
Melee: Quarterstaff      |   125 |       |       |       |       |       |       ||   125
       Hand axe          |       |   125 |    78 |       |       |       |       ||   203
       Rapier            |       |       |   376 |   867 |  1790 |  2555 |  1985 ||  7573
Throw: Dart              |       |       |       |       |     4 |       |       ||     4
Invok: Sacrifice Arcana  |       |       |     1 |       |       |       |       ||     1
       Sacrifice an Eye  |       |       |     1 |       |       |       |       ||     1
       Sacrifice Resista |       |       |       |     1 |       |       |       ||     1
       Draw Out Power    |       |       |       |     2 |     1 |     3 |     1 ||     7
       Apocalypse        |       |       |       |     1 |    11 |     8 |     9 ||    29
       Sacrifice Purity  |       |       |       |     1 |       |       |       ||     1
       Sacrifice Skill   |       |       |       |     1 |       |       |       ||     1
       Power Leap        |       |       |       |       |     1 |       |     1 ||     2
 Abil: Evoke Invisibilit |       |       |       |       |     1 |       |       ||     1
       Stop Flying       |       |       |       |       |       |     4 |       ||     4
       Evoke Flight      |       |       |       |       |       |     4 |       ||     4
Evoke: Wand              |       |     2 |    12 |    51 |    14 |    26 |     2 ||   107
       Condenser vane    |       |       |       |     1 |       |     1 |       ||     2
       Lightning rod     |       |       |       |       |     1 |     4 |     1 ||     6
       Phial of floods   |       |       |       |       |       |     2 |       ||     2
       Tin of tremorston |       |       |       |       |       |     2 |       ||     2
       Phantom mirror    |       |       |       |       |       |     1 |       ||     1
  Use: Scroll            |       |       |     8 |    15 |    20 |    33 |     4 ||    80
 Stab: Paralysed         |       |       |     2 |     7 |    25 |    12 |    13 ||    59
       Invisible         |       |       |     1 |       |    14 |     4 |    17 ||    36
       Distracted        |       |       |       |     4 |     6 |    10 |     4 ||    24
       Confused          |       |       |       |     1 |       |       |       ||     1
       Petrified         |       |       |       |     1 |       |       |       ||     1
Armor: Robe              |    23 |       |       |       |       |       |       ||    23
       Ring mail         |     8 |    60 |   141 |   294 |   235 |       |       ||   738
       Chain mail        |       |       |    12 |       |    43 |       |       ||    55
       Plate armour      |       |       |       |       |    72 |       |       ||    72
       Fire dragon scale |       |       |       |       |   141 |   821 |   393 ||  1355
Dodge: Dodged            |    85 |    66 |   170 |   272 |   251 |   245 |   232 ||  1321
Block: Buckler           |       |    52 |   239 |   276 |       |       |       ||   567
       Reflection        |       |       |    10 |     6 |    75 |    46 |    86 ||   223
       Kite shield       |       |       |       |   178 |   613 |   236 |   839 ||  1866
       Tower shield      |       |       |       |       |   416 |  1373 |       ||  1789
